 Dungeon Crawl Stone Soup version 0.30-a0-354-g6b83867211 (webtiles) character file.

Game seed: 18397934062493471391

3538 mopl the Grave Robber (level 10, 0/49 HPs)
             Began as a Vine Stalker Necromancer on Nov 7, 2022.
             Was an Elder of Okawaru.
             Slain by an ogre
             ... wielding a +0 halberd
              (19 damage)
             ... in a bailey.
             The game lasted 00:14:55 (6272 turns).

mopl the Grave Robber (Vine Stalker Necromancer)    Turns: 6272, Time: 00:14:55

Health: 0/49       AC:  6    Str: 16    XL:     10   Next: 8%
Magic:  0/21       EV: 13    Int: 19    God:    Okawaru [****..]
Gold:   70         SH:  0    Dex: 16    Spells: 6/23 levels left

rFire   . . .      SeeInvis .    a - +2 dagger (venom)
rCold   . . .      Faith    .    (no shield)
rNeg    . . .      Spirit   +    e - +0 troll leather armour
rPois   .          Reflect  .    s - +0 helmet
rElec   .          Harm     .    n - +0 cloak
rCorr   .          Rampage  .    (no gloves)
Will    +....                    (no boots)
Stlth   ++........               (no amulet)
HPRegen 1.88/turn                h - +6 ring of strength
MPRegen 0.17/turn                (no ring)

@: no status effects
A: fangs 3, regeneration 1, magic shield, antimagic bite, no potion heal 2
a: Renounce Religion, Heroism, Finesse


You were in a bailey.
You worshipped Okawaru.
Okawaru was greatly pleased with you.
You visited 2 branches of the dungeon, and saw 10 of its levels.
You also visited: Bailey.

You collected 364 gold pieces.
You spent 294 gold pieces at shops.

Inventory:

Hand Weapons
 a - a +2 dagger of venom (weapon)
 q - a +0 spear
 v - a +0 trident of freezing
Missiles
 i - 4 atropa-tipped darts
 C - 5 poisoned darts
 G - a throwing net
 L - 2 silver boomerangs
Armour
 e - a +0 troll leather armour (worn)
 n - a +0 cloak (worn)
 s - a +0 helmet (worn)
 K - a +0 tower shield
Jewellery
 h - a +6 ring of strength (left hand)
Scrolls
 f - 6 scrolls of identify {unknown}
 g - 2 scrolls of poison {unknown}
 k - a scroll of butterflies {unknown}
 l - 3 scrolls of teleportation {unknown}
 m - 2 scrolls of brand weapon {unknown}
 o - 2 scrolls of noise {unknown}
 p - 2 scrolls of vulnerability {unknown}
 w - a scroll of immolation {unknown}
 y - a scroll of acquirement {unknown}
 F - a scroll of enchant weapon {unknown}
 H - 2 scrolls of blinking {unknown}
 J - a scroll of fear {unknown}
 M - a scroll of amnesia {unknown}
Potions
 b - a potion of magic
 c - 5 potions of lignification {!q}
 d - 3 potions of invisibility {unknown}
 j - 7 potions of curing
 r - a potion of heal wounds
 t - a potion of ambrosia {unknown}
 u - 2 potions of might {unknown}
 x - 2 potions of flight
 z - a potion of degeneration {unknown}
 A - 2 potions of haste {unknown}
 B - a potion of attraction {unknown}
 D - 2 potions of resistance {unknown}
 N - a potion of mutation {!q}
 O - a potion of brilliance


   Skills:
 + Level 3.7 Fighting
 + Level 4.0 Throwing
 + Level 3.4 Armour
 + Level 4.0 Dodging
 + Level 3.1 Stealth
 + Level 1.0 Shields
 * Level 7.1 Spellcasting
 + Level 1.1 Hexes
 * Level 7.9 Necromancy
 + Level 4.1 Invocations


You had 6 spell levels left.
You knew the following spells:

 Your Spells              Type           Power      Damage    Failure   Level
a - Necrotise             Necr           100%       1d9       1%          1
b - Vampiric Draining     Necr           36%        2d8       1%          3
c - Agony                 Necr           36%        N/A       13%         5
d - Dispel Undead         Necr           36%        3d15      4%          4
g - Anguish               Hex/Necr       12%        N/A       19%         4

Your spell library contained the following spells:

 Spells                   Type           Power      Damage    Failure   Level
 Kiss of Death            Conj/Necr      84%        2d11      2%          1
 Magic Dart               Conj           24%        1d4       12%         1
 Shock                    Conj/Air       24%        1d4       12%         1
 Ensorcelled Hibernation  Hex/Ice        16%        N/A       14%         2
 Searing Ray              Conj           12%        2d4       19%         2
 Confusing Touch          Hex            11%        N/A       22%         3
 Mephitic Cloud           Conj/Pois/Air  6%         N/A       34%         3
 Spider Form              Tmut/Pois      6%         N/A       34%         3
 Swiftness                Air            6%         N/A       34%         3
 Fulminant Prism          Conj/Hex       4%         3d5       67%         4
 Airstrike                Air            3%         2d(1-17)  75%         4
 Olgreb's Toxic Radiance  Pois           6%         N/A       75%         4
 Ozocubu's Refrigeration  Ice            3%         4d8       100%        7
 Ignition                 Fire           3%         3d4       100%        8
 Animate Dead             Necr           Unusable   N/A       N/A         4
 Call Imp                 Summ           Unusable   N/A       N/A         2

Dungeon Overview and Level Annotations

Branches:
Dungeon (9/15)             Temple (1/1) D:5          Bailey (1/1)
   Lair: D:8-11         Orc: D:9-12

Altars:
Cheibriados
Dithmenos
Gozag
Kikubaaqudgha
Nemelex Xobeh
Okawaru
Ru
Trog
Uskayaw
Vehumet
Zin
The Shining One

Shops:
D:8 =[![=

Annotations:
D:4 Pikel
D:7 2 transporters
D:8 1 runed translucent door, Angani's ghost, novice DrHW


Innate Abilities, Weirdness & Mutations

You have razor-sharp teeth.
Your natural rate of healing is unusually fast.
When hurt, damage is shared between your health and your magic reserves.
Your bite disrupts and absorbs the magic of your enemies.
Potions cannot restore your health.


Message History

Aiming: Throw Flame
Press: ? - help, Shift-Dir - straight line, f - ogre, p - spriggan
Aim: an ogre, wielding a +0 halberd (85% to hit)
The puff of flame misses the ogre.
The now-empty wand crumbles to dust.
The spriggan is engulfed in a cloud of scalding steam.
The spriggan hits you from afar with a +3 spear!
* * * LOW HITPOINT WARNING * * *
The ogre is engulfed in a cloud of scalding steam.
The ogre closely misses you.
Unknown command.
The spriggan is engulfed in a cloud of scalding steam.
You kill the spriggan!
Okawaru accepts your kill.
You hear a splash.
The ogre is engulfed in a cloud of scalding steam.
Your Throwing skill increases to level 4!
Your Shields skill increases to level 1!
Things that are here:
a +0 halberd; an ogre corpse
Press: ? - help, v - describe, . - travel
Here: an ogre, wielding a +0 halberd (steam, heavily wounded) Some shallow water.
Unknown command.
You aren't carrying any items that you can evoke.
Unknown command.
Throw: dart (curare)
Press: ? - help, Q - select action, (/) - cycle Shift-Dir - straight line, f/p - ogre
Aim: an ogre, wielding a +0 halberd (steam, heavily wounded, 77% to hit)
You throw a curare-tipped dart.
The curare-tipped dart closely misses the ogre.
The ogre is engulfed in a cloud of scalding steam.
You are too injured to fight recklessly!
Casting: Vampiric Draining (safe; 1% risk of failure)
Confirm with . or Enter, or press ? or * to list all spells.
Aiming: Necrotise (safe; 1% risk of failure)
Press: ? - help, Shift-Dir - straight line, f/p - ogre
Aim: an ogre, wielding a +0 halberd (severely wounded, chance to affect: 83%)
The ogre writhes in agony.
The ogre hits you from afar with a +0 halberd!!
You die...

#.....# #.(#
##.....###((#
#...∩..~~(..#
#......~~~..♣
#.....))§~..#
#......~~~..#
#...∩.OO~~..#
##....)###..#
#..@..# #..#
##...## #..#
##.## #.. ###


You could see 2 ogres.

Vanquished Creatures
  A troll (D:8)
  2 spriggans (Bailey)
  A wyvern (D:7)
  A water moccasin (D:6)
  3 ice beasts
  3 black bears
  3 orc warriors
  A sky beast (D:7)
  4 ogres (Bailey)
  A centaur (D:8)
  A phantom (D:7)
  A bullfrog (D:7)
  2 kobold brigands
  3 scorpions
  2 necrophages
  3 wights (D:8)
  3 hounds
  An orc priest (D:5)
  3 jellies
  Jessica (D:3)
  2 iguanas (D:5)
  4 orc wizards
  Robin (D:3)
  4 adders
  12 gnolls
  A shadow imp (D:6)
  An ufetubus (D:5)
  2 worms (D:2)
  2 dart slugs
  21 orcs
  3 endoplasms
  3 giant cockroaches
  20 goblins
  6 hobgoblins
  7 jackals
  19 kobolds
  8 ball pythons
  3 bats
  2 frilled lizards
  A rat (D:1)
162 creatures vanquished.

Vanquished Creatures (collateral kills)
  An adder (D:2)
1 creature vanquished.

Grand Total: 163 creatures vanquished

Notes
Turn   | Place    | Note
-------+----------+-------------------------------------------
     0 | D:1      | mopl the Vine Stalker Necromancer began the quest for the
                  | Orb.
     0 | D:1      | Reached XP level 1. HP: 9/9 MP: 4/4
   555 | D:2      | Reached XP level 2. HP: 13/13 MP: 2/6
   635 | D:2      | Reached skill level 3 in Spellcasting
   635 | D:2      | Reached XP level 3. HP: 16/16 MP: 3/8
   680 | D:2      | Learned a level 3 spell: Vampiric Draining
   980 | D:2      | Found a faded altar of an unknown god.
  1851 | D:3      | Gained mutation: Your natural rate of healing is unusually
                  | fast. [Vine Stalker growth]
  1851 | D:3      | Reached XP level 4. HP: 21/21 MP: 5/10
  1883 | D:3      | Reached skill level 5 in Necromancy
  2059 | D:3      | Reached XP level 5. HP: 24/24 MP: 5/11
  2180 | D:3      | Noticed Jessica
  2186 | D:3      | Killed Jessica
  2187 | D:3      | Reached skill level 4 in Spellcasting
  2413 | D:3      | Noticed Robin
  2452 | D:3      | Killed Robin
  2748 | D:4      | Noticed Pikel
  2748 | D:4      | Noticed a lemure
  2748 | D:4      | Noticed a lemure
  2748 | D:4      | Noticed a lemure
  2748 | D:4      | Noticed a lemure
  2827 | D:5      | Entered Level 5 of the Dungeon
  2827 | D:5      | Noticed a black bear
  2844 | D:5      | Killed a black bear
  2845 | D:5      | Reached skill level 6 in Necromancy
  2845 | D:5      | Reached XP level 6. HP: 25/28 MP: 4/14
  2970 | D:5      | Reached skill level 5 in Spellcasting
  3021 | D:5      | Found a staircase to the Ecumenical Temple.
  3053 | Temple   | Entered the Ecumenical Temple
  3151 | Temple   | Became a worshipper of Warmaster Okawaru
  3284 | D:5      | Reached XP level 7. HP: 30/32 MP: 8/16
  3289 | D:5      | Learned a level 4 spell: Dispel Undead
  3531 | D:5      | Found Araida's Antique Armour Shop.
  3732 | D:5      | Reached skill level 1 in Invocations
  4012 | D:6      | Reached skill level 1 in Throwing
  4012 | D:6      | Reached skill level 2 in Dodging
  4088 | D:6      | Reached skill level 1 in Fighting
  4088 | D:6      | Reached skill level 1 in Armour
  4106 | D:6      | Identified the +4 rapier of the Narrow God {vorpal, Int+3
                  | Dex-5}
  4148 | D:6      | Reached * piety under Okawaru
  4149 | D:6      | Gained mutation: You have razor-sharp teeth. [Vine Stalker
                  | growth]
  4149 | D:6      | Reached XP level 8. HP: 37/37 MP: 9/17
  4327 | D:6      | Reached skill level 2 in Invocations
  4665 | D:7      | Reached skill level 2 in Fighting
  4665 | D:7      | Reached skill level 2 in Throwing
  4688 | D:7      | Reached skill level 2 in Armour
  4691 | D:7      | Reached skill level 6 in Spellcasting
  4764 | D:7      | Reached ** piety under Okawaru
  4765 | D:7      | Reached skill level 7 in Necromancy
  4823 | D:7      | Noticed a wyvern
  4879 | D:7      | Killed a wyvern
  4880 | D:7      | Reached skill level 3 in Dodging
  4917 | D:7      | Reached XP level 9. HP: 43/43 MP: 10/19
  4953 | D:7      | Reached skill level 3 in Invocations
  5003 | D:7      | Noticed a manticore
  5004 | D:7      | Found a transporter.
  5034 | D:7      | Found a radiant altar of Vehumet.
  5078 | D:7      | Reached skill level 3 in Throwing
  5087 | D:7      | Reached skill level 3 in Fighting
  5111 | D:7      | Found a transporter.
  5126 | D:7      | Found a shadowy altar of Dithmenos.
  5129 | D:7      | Noticed a centaur warrior
  5141 | D:7      | Noticed a manticore
  5274 | D:8      | Reached *** piety under Okawaru
  5286 | D:8      | Found Ucyponir's Armour Shop.
  5341 | D:8      | Learned a level 5 spell: Agony
  5440 | D:8      | Reached skill level 3 in Armour
  5605 | D:8      | Found Zeeruet's Jewellery Emporium.
  5676 | D:8      | Noticed a troll
  5687 | D:8      | Killed a troll
  5815 | D:8      | Learned a level 4 spell: Anguish
  5937 | D:8      | Found Wiufuusch's Antique Armour Shoppe.
  5991 | D:8      | Found Celeh's Jewellery Shop.
  6021 | D:8      | Found a runed translucent door.
  6022 | D:8      | Noticed Angani's ghost (novice DrHW)
  6102 | D:8      | Found Areime Hozu's Distillery.
  6109 | D:8      | Bought a potion of curing for 42 gold pieces
  6109 | D:8      | Bought a potion of lignification for 42 gold pieces
  6109 | D:8      | Bought a potion of flight for 42 gold pieces
  6109 | D:8      | Bought a potion of mutation for 112 gold pieces
  6109 | D:8      | Bought a potion of brilliance for 56 gold pieces
  6155 | D:9      | Found a flagged portal.
  6179 | Bailey   | Entered a bailey
  6205 | Bailey   | Reached skill level 4 in Invocations
  6223 | Bailey   | Reached skill level 7 in Spellcasting
  6267 | Bailey   | Reached **** piety under Okawaru
  6268 | Bailey   | Reached skill level 4 in Dodging
  6268 | Bailey   | Reached skill level 3 in Stealth
  6268 | Bailey   | Reached skill level 1 in Hexes
  6268 | Bailey   | Reached XP level 10. HP: 19/49 MP: 2/21
  6271 | Bailey   | Reached skill level 4 in Throwing
  6271 | Bailey   | Reached skill level 1 in Shields
  6272 | Bailey   | Slain by an ogre

Illustrated notes

Levels and vault maps discovered:
D:1:      sevenhm_arrival_forest_fort_small_5, layout_basic
D:2:      layout_basic, basic_ecumenical_altar
D:3:      kennysheep_goblin_castle, layout_loops_cross, uniq_jessica
D:4:      layout_cave_pools, uniq_pikel
D:5:      layout_gridville, minmay_temple_entry_statues_pillars, serial_shops,
          nicolae_shop_trees, kennysheep_generic_room_4
D:6:      layout_loops_ring
D:7:      layout_rooms, gammafunk_temple_overflow_arena,
          mainiacjoe_overflow_alcove_1, lemuel_flamethrower_1
D:8:      layout_basic, gammafunk_ghost_grave, serial_shops, kennysheep_mini,
          nicolae_inconvenience_store, shop, kennysheep_little_box, shop
D:9:      layout_loops_ring, enter_bailey_5
Temple:   nicolae_temple_slightly_damp_pantheon
Bailey:   bailey_polearm_enchanted_keep_hellmonk, bailey

Skill      XL: |  1  2  3  4  5  6  7  8  9 10 |
---------------+-------------------------------+-----
Spellcasting   | 3 4 5 6 7 |  7.1
Necromancy     | 5 6 7 |  7.9
Invocations    | 1 2 4 |  4.1
Throwing       | 1 2 3 4 |  4.0
Dodging        | 2 3 4 |  4.0
Fighting       | 1 2 3 |  3.7
Armour         | 1 2 3 |  3.4
Stealth        | 3 |  3.1
Hexes          | 1 |  1.1
Shields        | 1 |  1.0

Action                   |  1- 3 |  4- 6 |  7- 9 | 10-12 || total
-------------------------+-------+-------+-------+-------++-------
Melee: Unarmed           |     8 |       |       |       ||     8
       Bite              |     2 |    12 |    58 |       ||    72
       Spear             |       |     3 |       |       ||     3
       Dagger            |       |    47 |   133 |       ||   180
       Punch             |       |       |     1 |       ||     1
Throw: Dart              |       |       |     9 |     1 ||    10
 Cast: Necrotise         |    75 |    75 |   193 |     1 ||   344
       Dispel Undead     |       |       |     7 |       ||     7
       Vampiric Draining |       |       |     5 |       ||     5
Evoke: Wand              |       |       |       |     2 ||     2
 Stab: Sleeping          |       |     1 |     1 |       ||     2
Armor: Robe              |     1 |       |       |       ||     1
       Troll leather arm |     9 |    45 |    77 |       ||   131
Dodge: Dodged            |    15 |    83 |   193 |     1 ||   292

Table legend: (Time is in decaauts)
 A = Elapsed time spent in this place.
 B = Non-inter-level travel time spent in this place.
 C = Inter-level travel time spent in this place.
 D = Time resting spent in this place.
 E = Time spent auto-exploring this place.
 F = Levels seen in this place.
 G = Mean time per level.
                   A        B        C        D        E       F      G
               +--------+--------+--------+--------+--------+-----+--------+
         Total |   6280 |   5972 |    308 |    293 |   4282 |  11 |  570.9 |
       Dungeon |   6070 |   5782 |    288 |    289 |   4209 |   9 |  674.4 |
        Temple |    117 |     98 |     19 |      0 |     63 |   1 |  117.0 |
        Bailey |     92 |     92 |      0 |      4 |     10 |   1 |   92.0 |
               +--------+--------+--------+--------+--------+-----+--------+

Top non-repeatable levels by time:
     D:2: 1224 daAuts
     D:5: 1038 daAuts
     D:3: 935 daAuts
     D:8: 901 daAuts
     D:6: 673 daAuts
     D:7: 597 daAuts
     D:1: 543 daAuts
     D:4: 127 daAuts
  Temple: 117 daAuts
  Bailey: 92 daAuts
     D:9: 28 daAuts
